 Dungeon Crawl Stone Soup version 0.31.0-12-g77e489cdc1 (webtiles) character file.

Game seed: 12728939953050206294

2844 Curundu the Cleaver (level 9, -2/79 HPs)
             Began as a Minotaur Berserker on Feb 20, 2024.
             Was an Elder of Trog.
             Slain by an orc warrior
             ... wielding a +0 glaive
              (8 damage)
             ... on level 7 of the Dungeon.
             The game lasted 00:17:23 (5585 turns).

Curundu the Cleaver (Minotaur Berserker)            Turns: 5585, Time: 00:17:24

Health: -2/79      AC: 15    Str: 34    XL:     9   Next: 46%
Magic:  8/8        EV: 10    Int:  4    God:    Trog [****..]
Gold:   337        SH:  0    Dex: 10    Spells: 8/8 levels left

rFire   . . .        B - +8 hammer of Excruciating Pain {pain, Will+ Str+2}
rCold   . . .        (no shield)
rNeg    . . .        s - +0 plate armour
rPois   .            x - +0 hat
rElec   .            C - +0 cloak {Stlth+}
rCorr   .            (no gloves)
SInv    .            y - +0 pair of boots
Will    +++..        (no amulet) Stlth
                     t - +6 ring of strength
HPRegen 1.33/turn    (no ring)
MPRegen 0.11/turn

%: no passive effects
@: strong-willed, on berserk cooldown, regenerating, slowed, very slow
A: horns 2, retaliatory headbutt
a: Renounce Religion, Berserk, Trog's Hand, Brothers in Arms


You were on level 7 of the Dungeon.
You worshipped Trog.
Trog was greatly pleased with you.
You visited 1 branch of the dungeon, and saw 7 of its levels.

You collected 337 gold pieces.

Inventory:

Hand Weapons
 a - a +0 hand axe
 z - the +7 hand axe of Disarray {flame, rF- Int+4 Dex+8}
   (You found it on level 5 of the Dungeon)

   Int+4:     It affects your intelligence (+4).
   Dex+8:     It affects your dexterity (+8).
   rF-:       It makes you vulnerable to fire.
 B - the +8 hammer of Excruciating Pain (weapon) {pain, Will+ Str+2}
   (You found it on level 5 of the Dungeon)

   Str+2:     It affects your strength (+2).
   Will+:     It increases your willpower.
Missiles
 H - 4 boomerangs (quivered)
Armour
 g - a scarf of invisibility
 s - a +0 plate armour (worn)
 x - a +0 hat (worn)
 y - a +0 pair of boots (worn)
 C - a +0 cloak of stealth (worn)
Jewellery
 e - a ring of fire
 t - a +6 ring of strength (left hand)
 F - a ring of magical power
Wands
 m - a wand of roots (12)
 o - a wand of charming (6)
 A - a wand of flame (38)
 D - a wand of acid (10)
Scrolls
 j - a scroll of blinking {unknown}
 k - 2 scrolls of revelation {unknown}
 n - 6 scrolls of identify {unknown}
 q - 2 scrolls of fear {unknown}
 u - 6 scrolls of teleportation {unknown}
 w - 2 scrolls of vulnerability {unknown}
 E - 3 scrolls of silence {unknown}
 I - 2 scrolls of poison {unknown}
 K - a scroll of amnesia {unknown}
 L - a scroll of immolation {unknown}
Potions
 b - a potion of haste {unknown}
 c - 3 potions of curing {unknown}
 d - a potion of attraction {unknown}
 f - a potion of lignification {unknown}
 h - 2 potions of magic {unknown}
 i - 2 potions of might {unknown}
 l - a potion of heal wounds {unknown}
 p - 2 potions of brilliance {unknown}
 r - a potion of berserk rage {unknown}
 v - a potion of degeneration {unknown}
 G - a potion of ambrosia {unknown}
 J - 2 potions of invisibility {unknown}


   Skills:
 + Level 7.4 Fighting
 * Level 9.1(9.3) Axes
 - Level 3.0(6.5) Maces & Flails
 + Level 7.2 Armour
 * Level 6.2 Dodging
 - Level 1.0 Stealth
 * Level 5.4 Shields


You had 8 spell levels left.
You didn't know any spells.
Your spell library was empty.

Dungeon Overview and Level Annotations

Branches:
Dungeon (7/15)
 Temple: D:4-7

Altars:
Ru
Xom
Yredelemnul
The Shining One

Shops:
D:3 *


Innate Abilities, Weirdness & Mutations

You have a pair of horns on your head.
You reflexively headbutt those who attack you in melee.


Message History

You hit something. You headbutt something! You miss something.
The orc warrior hits you from afar with a +0 glaive!
Something hits you.
* * * LOW HITPOINT WARNING * * *
Something shocks you.
* * * LOW HITPOINT WARNING * * *
Something hits you.
* * * LOW HITPOINT WARNING * * *
Something shocks you.
* * * LOW HITPOINT WARNING * * *
You sock something! Trog accepts your kill.
Reactivating autopickup.
You feel a bit more experienced.
The orc warrior hits you from afar with a +0 glaive!
* * * LOW HITPOINT WARNING * * *
Something hits you.
* * * LOW HITPOINT WARNING * * *
Something shocks you.
* * * LOW HITPOINT WARNING * * *
Deactivating autopickup; reactivate with Ctrl-A.
You sock something!
The orc warrior hits you from afar with a +0 glaive.
* * * LOW HITPOINT WARNING * * *
Something hits you but does no damage.
You closely miss something. You bludgeon something!! Trog accepts your kill.
Reactivating autopickup.
You feel a bit more experienced.
The orc warrior hits you but does no damage.
The orc warrior attacks as it pursues you!
The orc warrior hits you but does no damage.
You feel a strong urge to attack something.
You are no longer berserk.
You are exhausted.
You feel yourself slow down.
The orc warrior hits you with a +0 glaive!
You die...

#. #...##.#... #.. #
#.#.##.#... #...###
.###.#.##.#### #..~#..
.........## #...#.##
#........#
###...#.##.##....###.#
>..>....##.......###.###
##....#####).......##.
..#....@#.......#.......
.......)o......[#....###
..#.........#......[.# .
##....#.#.#..#######
.......#......#
######.##.##.##
#.##.##.# #.[.....#
.###.##


You could see an orc warrior.

Vanquished Creatures
  A dancing weapon (D:6)
  The ghost of spaghetti the Skirmisher, a novice HuHu of Okawaru (D:6)
  A shadow (D:6)
  A steam dragon (D:5)
  Duvessa (D:5)
  An ice beast (D:6)
  3 sky beasts
  A black bear (D:4)
  A centaur (D:5)
  2 phantoms
  A bullfrog (D:7)
  A scorpion (D:6)
  Dowan (D:5)
  2 howler monkeys
  A bombardier beetle (D:5)
  A quasit (D:6)
  A jelly (D:6)
  Crazy Yiuf (D:5)
  An orc priest (D:4)
  Jessica (D:2)
  2 orc wizards
  An iguana (D:7)
  Robin (D:2)
  11 adders
  4 river rats (D:6)
  A white imp (D:7)
  2 ufetubi (D:5)
  2 ribbon worms
  4 dart slugs
  14 orcs
  6 bats
  9 endoplasms
  3 giant cockroaches
  19 goblins
  12 hobgoblins
  4 jackals (D:5)
  5 kobolds
  3 quokkas
  11 ball pythons
  3 frilled lizards (D:1)
  3 goblin skeletons (D:6)
  4 hobgoblin zombies (D:6)
  3 kobold zombies (D:6)
  2 orc skeletons (D:6)
  An orc zombie (D:6)
  6 rats
160 creatures vanquished.

Notes
Turn   | Place    | Note
-------+----------+-------------------------------------------
     0 | D:1      | Curundu the Minotaur Berserker began the quest for the Orb.
     0 | D:1      | Reached XP level 1. HP: 19/19 MP: 0/0
    85 | D:1      | Reached XP level 2. HP: 26/27 MP: 1/1
    92 | D:1      | Reached skill level 4 in Axes
   549 | D:1      | Reached XP level 3. HP: 31/33 MP: 2/2
   649 | D:2      | Found a faded altar of an unknown god.
   697 | D:2      | Reached ** piety under Trog
  1078 | D:2      | Noticed Robin
  1085 | D:2      | Killed Robin
  1086 | D:2      | Reached XP level 4. HP: 28/41 MP: 3/3
  1277 | D:2      | Noticed Jessica
  1283 | D:2      | Killed Jessica
  1284 | D:2      | Reached skill level 5 in Axes
  2024 | D:3      | Found a basalt altar of Yredelemnul.
  2140 | D:3      | Reached XP level 5. HP: 43/47 MP: 4/4
  2286 | D:3      | Found Diamao Anang's Assorted Antiques.
  2646 | D:3      | Reached *** piety under Trog
  2957 | D:4      | Noticed a black bear
  2965 | D:4      | Killed a black bear
  2966 | D:4      | Reached skill level 5 in Fighting
  2966 | D:4      | Reached skill level 6 in Axes
  2966 | D:4      | Reached skill level 1 in Stealth
  2966 | D:4      | Reached XP level 6. HP: 56/56 MP: 5/5
  3507 | D:5      | Entered Level 5 of the Dungeon
  3516 | D:5      | Identified the +7 hand axe of Disarray {flame, rF- Int+4
                  | Dex+8}
  3556 | D:5      | Reached skill level 1 in Shields
  3569 | D:5      | Reached XP level 7. HP: 55/61 MP: 6/6
  3591 | D:5      | Reached skill level 7 in Axes
  3604 | D:5      | Noticed a steam dragon
  3606 | D:5      | Noticed Duvessa
  3614 | D:5      | Killed a steam dragon
  3620 | D:5      | Killed Duvessa
  3621 | D:5      | Noticed Dowan
  3628 | D:5      | Killed Dowan
  3901 | D:5      | Identified the +8 hammer of Excruciating Pain {pain, Will+
                  | Str+2}
  3906 | D:5      | Found a runed translucent door.
  3907 | D:5      | Noticed Crazy Yiuf
  3915 | D:5      | Killed Crazy Yiuf
  3987 | D:5      | Found a sacrificial altar of Ru.
  4263 | D:6      | Reached skill level 5 in Armour
  4263 | D:6      | Reached XP level 8. HP: 70/70 MP: 7/7
  4268 | D:6      | Found a runed translucent door.
  4268 | D:6      | Found a shimmering altar of Xom.
  4268 | D:6      | Noticed spaghetti's ghost (novice HuHu)
  4269 | D:6      | Noticed a +1 mace of chaos
  4393 | D:6      | Reached skill level 8 in Axes
  4393 | D:6      | Reached skill level 1 in Maces & Flails
  4517 | D:6      | Found a glowing golden altar of the Shining One.
  4518 | D:6      | Reached **** piety under Trog
  4620 | D:6      | Reached skill level 5 in Dodging
  5352 | D:6      | Killed a +1 mace of chaos
  5353 | D:6      | Reached XP level 9. HP: 58/79 MP: 8/8
  5362 | D:6      | Killed spaghetti's ghost
  5363 | D:6      | Reached skill level 5 in Shields
  5494 | D:7      | Reached skill level 9 in Axes
  5581 | D:7      | HP: 5/118 [orc warrior/+0 glaive (6)]
  5585 | D:7      | Slain by an orc warrior

Illustrated notes

Levels and vault maps discovered:
D:1:      kennysheep_arrival_forest, layout_rooms, minivault_4,
          minmay_heptomino_h4
D:2:      minmay_alternating_diamond, layout_rooms, basic_ecumenical_altar,
          serial_forest, infiniplex_forest_straight_2,
          infiniplex_forest_straight_2, infiniplex_forest_zigzag_2,
          infiniplex_forest_clump_C, infiniplex_forest_clump_diagonal,
          infiniplex_forest_corner_2, infiniplex_forest_end_2,
          dreamdust_mushroom_princess, uniq_robin, uniq_jessica
D:3:      layout_loops_ring, amcnicky_altar_gilded, serial_shops, shop
D:4:      layout_cave_pools, minmay_misc_feat_diagonals
D:5:      layout_rooms, overflow_temple_1_default,
          chequers_serial_rivers_small_a, uniq_duvessa, uniq_crazy_yiuf_cottage
D:6:      layout_gridville, nicolae_tso_besieged_by_evil, ebering_ghost_xom,
          portal_sewer_entry_e, kennysheep_generic_room_12
D:7:      layout_loops_cross, nicolae_uskayaw_murder_on_the_dancefloor,
          overflow_temple_1_default, lemuel_temple_firewalk_a

Skill      XL: |  1  2  3  4  5  6  7  8  9 |
---------------+----------------------------+-----
Fighting       | 4 5 6 7 |  7.4
Axes           | 4 5 6 7 8 9 |  9.1
Armour         | 3 5 6 7 |  7.2
Dodging        | 3 4 5 6 |  6.2
Stealth        | 1 |  1.0
Shields        | 1 2 4 5 |  5.4
Maces & Flails | 3 |  3.0

Action                     |  1- 3 |  4- 6 |  7- 9 || total
---------------------------+-------+-------+-------++-------
  Melee: Hand axe          |   158 |   289 |    28 ||   475
         Headbutt          |    41 |    82 |    16 ||   139
         Punch             |       |     3 |     1 ||     4
         Mace              |       |       |    96 ||    96
 Invoke: Berserk           |       |     2 |     2 ||     4
         Trog's Hand       |       |     2 |     4 ||     6
 Armour: Animal skin       |    44 |    38 |       ||    82
         Plate armour      |       |   123 |   166 ||   289
  Dodge: Dodged            |    58 |    80 |    69 ||   207
